 Dungeon Crawl Stone Soup version 0.30.1-9-gdf580d7c3d (webtiles) character file.

Game seed: 1390735994223475960

7 Peloso the Trooper (level 1, -2/20 HPs)
             Began as a Minotaur Fighter on Oct 18, 2023.
             Succumbed to a kobold's poison
             ... on level 1 of the Dungeon.
             The game lasted 00:00:17 (322 turns).

Peloso the Trooper (Minotaur Fighter)                Turns: 322, Time: 00:00:18

Health: -2/20      AC:  7    Str: 20    XL:     1   Next: 83%
Magic:  0/0        EV:  9    Int:  5    God:
Gold:   38         SH:  4    Dex:  9    Spells: 0/0 levels left

rFire   . . .        a - +0 long sword
rCold   . . .        c - +0 buckler
rNeg    . . .        b - +0 scale mail
rPois   .            (helmet restricted)
rElec   .            (no cloak)
rCorr   .            (no gloves)
SInv    .            (no boots)
Will    .....        (no amulet) Stlth
                     (no ring)
HPRegen 0.23/turn    (no ring)
MPRegen 0.07/turn

%: no passive effects
@: lethally poisoned (-2 -> -16)
A: horns 2, retaliatory headbutt
a: no special abilities


You were on level 1 of the Dungeon.
You visited 1 branch of the dungeon, and saw 1 of its levels.

You collected 38 gold pieces.

Inventory:

Hand Weapons
 a - a +0 long sword (weapon)
Armour
 b - a +0 scale mail (worn)
 c - a +0 buckler (worn)
Scrolls
 e - a scroll of torment {unknown}
 f - a scroll of identify {unknown}
Potions
 d - a potion of might


   Skills:
 + Level 3.8 Fighting
 + Level 2.5 Long Blades
 + Level 3.8 Armour
 + Level 3.8 Shields


You couldn't memorise any spells.
You didn't know any spells.
Your spell library contained the following spells:

 Spells                   Type           Power      Damage    Failure   Level
 Shock                    Conj/Air       0%         1d3       88%         1
 Swiftness                Air            0%         N/A       99%         3
 Airstrike                Air            0%         2d(0-16)  100%        4


Dungeon Overview and Level Annotations

Branches:
Dungeon (1/15)

Altars:


Innate Abilities, Weirdness & Mutations

You have a pair of horns on your head.
You reflexively headbutt those who attack you in melee.


Message History

You pick up a book of Air and begin reading...
You add the spells Shock, Swiftness and Airstrike to your library.
A goblin comes into view. It is wielding a +0 club.
Found a scroll labelled VICA BIYPREOPN.
A goblin is nearby!
The goblin closely misses you.
You hit the goblin.
You kill the goblin!
Things that are here:
a +0 club; a goblin corpse
e - a scroll labelled VICA BIYPREOPN
Found a dagger.
You see here a +0 dagger.
You now have 38 gold pieces (gained 13).
You open the door.
There is an open door here.
f - a scroll labelled KYDIAPS JIYJ A kobold comes into view.
It is wielding a +1 dagger of venom.
The kobold shouts!
The kobold throws a stone.
You block the stone.
A kobold is nearby!
A kobold is nearby!
Found a spear.
You block the kobold's attack.
You closely miss the kobold. The kobold hits you but does no damage.
You are poisoned.
The kobold hits you with a +1 dagger of venom.
You are lethally poisoned!
You barely miss the kobold.
You feel very sick. The kobold barely misses you.
You closely miss the kobold.
You feel very sick. The kobold hits you but does no damage.
You are more poisoned.
You closely miss the kobold.
* * * LOW HITPOINT WARNING * * *
You feel extremely sick. The kobold closely misses you.
The kobold barely misses you.
You closely miss the kobold.
You die...

#.(.......#
#.........# ..#
......##..# #.# #
#####.##..# ..#.#.#
#.##..# )...#.#
###.##..######.#.#.#
#........... ....#.#
#...#..#########...#.#
#.###........##.@K.#.#
# #.##......#.##.#.#
#.###.....#.####.# +#
#.# ##....#......# ..
#.# ##...##.##### ..
#.# ##..##.# .. #.
#..##.# .. #. #..##.#
.. #..##.#


You could see a kobold.

Vanquished Creatures
  An endoplasm (D:1)
  A giant cockroach (D:1)
  A goblin (D:1)
  A quokka (D:1)
  A ball python (D:1)
  A rat (D:1)
6 creatures vanquished.

Notes
Turn   | Place    | Note
-------+----------+-------------------------------------------
     0 | D:1      | Peloso the Minotaur Fighter began the quest for the Orb.
     0 | D:1      | Reached XP level 1. HP: 19/19 MP: 0/0
   322 | D:1      | Succumbed to a kobold's poison

Illustrated notes

Levels and vault maps discovered:
D:1:      giann_horns, layout_basic

Action                     || total
---------------------------++-------
  Melee: Long sword        ||    17
         Headbutt          ||     1
 Armour: Scale mail        ||     4
  Dodge: Dodged            ||     8
  Block: Buckler           ||     5
